 Dungeon Crawl Stone Soup version 0.32-a0-20-ge526923d97 (webtiles) character file.

Game seed: 11830909128965099768

114959 sokol815 the Warrior (level 16, -6/126 HPs)
             Began as an Octopode Gladiator on Jan 15, 2024.
             Was an Initiate of Gozag.
             Killed from afar by Nikola (68 damage)
             ... with an arc of chain lightning
             ... on level 2 of the Spider Nest on Jan 18, 2024.
             The game lasted 01:14:32 (26474 turns).

sokol815 the Warrior (Octopode Gladiator)          Turns: 26474, Time: 01:14:33

Health: -6/126     AC: 10    Str: 24    XL:     16   Next: 67%
Magic:  19/34      EV: 27    Int: 24    God:    Gozag
Gold:   901        SH:  9    Dex: 20    Spells: 17/27 levels left

rFire   + + +        k - +3 Elemental Staff {ele, rElec rF+ rC+ AC+3}
rCold   + + +        s - +3 buckler {rC+}
rNeg    + + .        V - +2 hat
rPois   .            K - amulet of regeneration
rElec   +            A - +5 ring of evasion
rCorr   +            Z - +6 ring of intelligence
SInv    +            n - ring "Baaxuurph" {Str+7 Dex+6}
Will    ++...        W - ring of willpower
Stlth   +++++        g - ring "Nashroim" {rC++ rCorr MP+9 AC+4}
HPRegen 1.21/turn    Q - +4 ring of slaying
MPRegen 0.24/turn    z - ring "Vidi" {Fly rF++ rN+ Dex-2 SInv}
                     f - ring of Ynubuog {rN+ Int+4 Dex+2}

%: no passive effects
@: gold aura, flying, slightly contaminated
A: almost no armour, amphibious, 8 rings, camouflage 1, gelatinous body 1,
(nimble swimmer 1), tentacles
a: Renounce Religion, Potion Petition, Call Merchant, Bribe Branch


You were on level 2 of the Spider Nest.
You worshipped Gozag.
Gozag was pleased with you.
You visited 5 branches of the dungeon, and saw 25 of its levels.
You also visited: Ice Cave.

You collected 8922 gold pieces.
You spent 5098 gold pieces at shops.
You paid 2923 gold pieces to Gozag.

Inventory:

Hand Weapons
 a - a +8 trident of draining
   (You took it off Jeremiah on level 6 of the Dungeon)
 b - a +0 demon trident of electrocution
   (You acquired it on level 1 of the Spider Nest)
 k - the +3 Elemental Staff (weapon) {ele, rElec rF+ rC+ AC+3}
   (You acquired it on level 14 of the Dungeon)

   AC+3:      It affects your AC (+3).
   rF+:       It protects you from fire.
   rC+:       It protects you from cold.
   rElec:     It insulates you from electricity.
 C - a +0 glaive of protection
   (You took it off an orc warrior on level 7 of the Dungeon)
Missiles
 c - 4 throwing nets {!d}
 t - 13 javelins
 L - 5 silver javelins
 S - a curare-tipped dart
Armour
 s - a +3 buckler of cold resistance (worn)
   (You found it in an ice cave)
 V - a +2 hat (worn)
Jewellery
 f - the ring of Ynubuog (on tentacle) {rN+ Int+4 Dex+2}
   (You bought it in a shop on level 9 of the Dungeon)

   [ring of positive energy]

   Int+4:     It affects your intelligence (+4).
   Dex+2:     It affects your dexterity (+2).
   rN+:       It protects you from negative energy.
 g - the ring "Nashroim" (on tentacle) {rC++ rCorr MP+9 AC+4}
   (You bought it in a shop on level 9 of the Dungeon)

   [ring of protection]

   AC+4:      It affects your AC (+4).
   rC++:      It greatly protects you from cold.
   MP+9:      It affects your magic capacity (+9).
   rCorr:     It protects you from acid and corrosion.
 l - a ring of willpower
   (You found it on level 4 of the Dungeon)
 n - the ring "Baaxuurph" (on tentacle) {Str+7 Dex+6}
   (You found it on level 2 of the Dungeon)

   [ring of dexterity]

   Str+7:     It affects your strength (+7).
   Dex+6:     It affects your dexterity (+6).
 z - the ring "Vidi" (on tentacle) {Fly rF++ rN+ Dex-2 SInv}
   (You bought it in a shop on level 9 of the Dungeon)

   [ring of flight]

   Dex-2:     It affects your dexterity (-2).
   rF++:      It greatly protects you from fire.
   rN+:       It protects you from negative energy.
   SInv:      It lets you see invisible.
   Fly:       It grants you flight.
 A - a +5 ring of evasion (left tentacle)
   (You found it on level 1 of the Dungeon)
 K - an amulet of regeneration (around mantle)
   (You bought it in a shop on level 9 of the Dungeon)
 Q - a +4 ring of slaying (on tentacle)
   (You took it off an orc warrior on level 9 of the Dungeon)
 W - a ring of willpower (on tentacle)
   (You found it on level 3 of the Dungeon)
 Z - a +6 ring of intelligence (right tentacle)
   (You found it on level 2 of the Dungeon)
Wands
 d - a wand of digging (2)
   (You found it on level 9 of the Dungeon)
 e - a wand of charming (18)
   (You found it on level 4 of the Dungeon)
 i - a wand of iceblast (22)
   (You found it on level 2 of the Lair of Beasts)
 j - a wand of polymorph (9)
   (You found it on level 2 of the Lair of Beasts)
 q - a wand of flame (55)
   (You found it on level 2 of the Dungeon)
 y - a wand of mindburst (29) (quivered)
   (You took it off Ijyb on level 3 of the Dungeon)
Scrolls
 h - 2 scrolls of brand weapon
 o - 3 scrolls of amnesia
 u - 4 scrolls of revelation
 w - 2 scrolls of fog
 x - 3 scrolls of poison {!r}
 D - a scroll of torment {!r}
 E - 3 scrolls of fear
 X - 7 scrolls of identify {@r1}
 Y - 8 scrolls of teleportation {@r3}
Potions
 p - 4 potions of attraction {!q}
 B - 2 potions of brilliance
 F - 6 potions of enlightenment
 G - 6 potions of ambrosia {!q}
 H - a potion of haste
 I - 5 potions of invisibility
 J - 7 potions of curing {@q1}
 M - 4 potions of magic
 N - 5 potions of heal wounds {@q2}
 O - 2 potions of might
 P - a potion of lignification {!q}
 R - a potion of resistance
 T - 3 potions of berserk rage {!q}
 U - 3 potions of mutation {!q}
Miscellaneous
 m - a phantom mirror
   (You found it on level 14 of the Dungeon)
 v - a lightning rod (4/4)
   (You found it in an ice cave)


   Skills:
 * Level 17.5 Fighting
 - Level 16.0(16.1) Polearms
 * Level 3.6(11.0) Staves
 - Level 2.0 Throwing
 + Level 12.4 Dodging
 - Level 8.0 Stealth
 - Level 7.0 Shields
 - Level 6.0 Spellcasting
 + Level 4.1 Conjurations
 + Level 7.7 Hexes
 + Level 8.4 Alchemy


You had 17 spell levels left.
You knew the following spells:

 Your Spells              Type           Power      Damage    Failure   Level
a - Yara's Violent Unrav  Hex/Alch       22%        3d10      10%         5
b - Irradiate             Conj/Alch      18%        3d17      19%         5

Your spell library contained the following spells:

 Spells                   Type           Power      Damage    Failure   Level
 Sting                    Conj/Alch      100%       1d9       1%          1
 Tukima's Dance           Hex            44%        N/A       1%          3
 Ensorcelled Hibernation  Hex/Ice        76%        N/A       2%          2
 Mercury Vapours          Alch/Air       82%        N/A       2%          2
 Olgreb's Toxic Radiance  Alch           47%        N/A       2%          4
 Cigotuvi's Dreadful Rot  Necr/Alch/Air  62%        N/A       4%          2
 Static Discharge         Conj/Air       50%        3-6/arc   6%          2
 Apportation              Tloc           14%        N/A       9%          1
 Necrotise                Necr           28%        1d5       9%          1
 Summon Small Mammal      Summ           28%        N/A       9%          1
 Stone Arrow              Conj/Erth      50%        3d10      12%         3
 Sublimation of Blood     Necr           7%         N/A       14%         2
 Petrify                  Alch/Erth      41%        N/A       16%         4
 Dimensional Bullseye     Hex/Tloc       12%        N/A       19%         4
 Passwall                 Erth           10%        N/A       26%         3
 Swiftness                Air            10%        N/A       26%         3
 Iskenderun's Mystic Bla  Conj/Tloc      17%        2d5       36%         4
 Dispel Undead            Necr           7%         3d8       65%         4
 Martyr's Knell           Necr/Summ      7%         N/A       65%         4
 Passage of Golubria      Tloc           7%         N/A       65%         4
 Vhi's Electric Charge    Tloc/Air       20%        N/A       65%         4
 Arcjolt                  Conj/Air       12%        1d22      73%         5
 Death Channel            Necr           3%         N/A       100%        6
 Haunt                    Necr/Summ      3%         N/A       100%        7
 Infestation              Necr           3%         N/A       100%        8
 Lehudib's Crystal Spear  Conj/Erth      12%        10d4      100%        8
 Maxwell's Capacitive Co  Air            5%         ∞         100%        8
 Animate Armour           Summ/Erth      Unusable   N/A       N/A         4
 Animate Dead             Necr           Unusable   N/A       N/A         4

Dungeon Overview and Level Annotations

Branches:
Dungeon (15/15) Zot: 26163  Temple (1/1) D:7 Zot: 5998    Lair (5/5) D:9 Zot: 23048
 Shoals (0/4) Lair:2       Spider (2/4) Lair:3 Zot: 10963   Slime (0/5) Lair:5
    Orc (2/2) D:11 Zot: 10553     Elf (0/3) Orc:2        Vaults (0/5) D:14
 Depths (0/4) D:15          IceCv (visited)

Altars:
Ashenzari
Cheibriados
Dithmenos
Elyvilon
Fedhas
Gozag
Hepliaklqana
Kikubaaqudgha
Makhleb
Nemelex Xobeh
Okawaru
Qazlal
Ru
Sif Muna
Trog
Uskayaw
Vehumet
Wu Jian
Xom
Yredelemnul
Zin
The Shining One
Jiyva

Shops:
D:7 *   D:9 ?=((   D:10 *   D:11 (   D:12 [([   D:14 ??   Orc:2 *?*!

Annotations:
D:4 exclusion: downstairs
Lair:2 2 transporters, jfitz's ghost, journeyman DgFE
Spider:1 2 transporters, exclusion: orange crystal statue, Zonian's ghost, journeyman FeSu; zenocrate's ghost, journeyman VSEn
Spider:2 Arachne; Nikola


Innate Abilities, Weirdness & Mutations

You cannot wear most types of armour.
You are amphibious.
You can wear up to eight rings at the same time.
Your skin changes colour to match your surroundings (Stealth+).
Your rubbery body absorbs attacks. (AC +1, EV +1)
((You are camouflaged when in or above water. (Stealth+)))
You have tentacles for arms and can constrict up to eight enemies at once.


Message History

You kill the wolf spider!
No target in view!
No target in view!
You now have 901 gold pieces (gained 6).
Found a stone staircase leading up.
You pick your way through the web.
There is a web here.
An orb spider comes into view.
Press: ? - help, Q - select action, (/) - cycle Shift-Dir - straight line, f - orb spider
Aim: an orb spider (wandering, hasn't noticed you, chance to affect: 47%)
The orb spider resists with some effort.
You hear a shout!
Press: ? - help, Q - select action, (/) - cycle Shift-Dir - straight line, f/p - orb spider
Aim: an orb spider (chance to affect: 47%)
The orb spider resists with some effort.
You hear a shout!
The orb spider pulsates with a strange energy.
Press: ? - help, Q - select action, (/) - cycle Shift-Dir - straight line, f/p - orb spider
Aim: an orb spider (fully charged, chance to affect: 47%)
The orb spider's mind is blasted!
You are caught in the web!
The orb spider weaves a glowing orb of energy.
An orb of destruction comes into view.
There is a web here.
You disentangle yourself.
Arachne points her staff at you, shooting a stream of webbing.
You block the stream of webbing.
The wavering orb of destruction hits Arachne!!
Press: ? - help, Q - select action, (/) - cycle Shift-Dir - straight line, f/p - orb spider
Aim: an orb spider (magical condensation, moderately wounded, chance to affect: 47%)
The orb spider resists with some effort.
k - the +3 Elemental Staff (weapon)
{ele, rElec rF+ rC+ AC+3} Arachne casts a spell at you.
The bolt of poison hits you!
You are poisoned.
You take 15 damage, and have 111/126 hp.
You feel extremely sick.
Arachne's staff shoots out a stream of webbing.
The stream of webbing misses you. Nikola raves, "Can you feel it?
Can you feel it?
CAN YOU FEEL IT?"
You take 5 damage, and have 106/126 hp.
You feel better.
You regained 9 hp, and now have 115/126 hp.
You sock Arachne!
Arachne mumbles some strange words.
Arachne blinks!
Arachne's staff shoots out a stream of webbing.
You block the stream of webbing.
You regained 2 hp, and now have 117/126 hp.
Nikola mumbles some strange words.
Lightning arcs from Nikola's hands!
The bolt of lightning hits the orb spider!!!
The orb spider dies!
A bolt of lightning appears from out of thin air!
The bolt of lightning hits you!! You resist.
The bolt of lightning hits Nikola!
Arachne points her staff at you, shooting a stream of webbing.
The stream of webbing hits you but does no damage.
You are caught in a web!
You hear a faint skittering sound. x2
There is a web here.
You take 32 damage, and have 85/126 hp.
MASSIVE DAMAGE!!
The web tears apart.
You erupt in a fountain of uncontrolled magic!
Arachne is blasted with magical radiation!!!
You are very lightly contaminated with residual magic.
Arachne hits you with a staff of alchemy!!
Arachne envenoms you!
You are poisoned.
Nikola is caught in a web!
Arachne points her staff at you, shooting a stream of webbing.
You block the stream of webbing.
You take 25 damage, and have 61/126 hp.
You now have 29/34 mp.
You erupt in a fountain of uncontrolled magic!
Arachne is blasted with magical radiation!!
Nikola is blasted with magical radiation!
You are lightly contaminated with residual magic.
You feel sick.
Nikola struggles to get unstuck from the web.
Arachne points her staff at you, shooting a stream of webbing.
The stream of webbing misses you.
The stream of webbing hits Nikola but does no damage.
You now have 24/34 mp.
Unknown command.
You erupt in a fountain of uncontrolled magic!
Arachne is blasted with magical radiation!!
Arachne twists and deforms.
Nikola is blasted with magical radiation!!
Nikola twists and deforms.
You are lightly contaminated with residual magic.
You feel sick.
You are no longer poisoned.
Arachne casts a spell.
Arachne blinks!
Nikola casts a spell.
Lightning arcs from Nikola's hands!
The bolt of lightning hits you!!! You resist.
Ouch! That really hurt!
You die...
Your body crumbles into a pile of gold.

#...$..#...#
#..$#### .##
##...# .#
#...(.## # ....
#(...... ..^..
##^....@.
......< ###.#..
....(..###.@##..
........#..@#
......#....§##
#.....##.....##
#............##
#............#
####........#.#
#.#.......#..
#..#.##....###..
#####.###### ..


You could see Nikola (webbed, misshapen).

Vanquished Creatures
  Jorgrun (Spider:1)
  Rupert (Lair:3)
  A fire giant (D:15)
  An ironbound preserver (D:14)
  Josephine (Orc:1)
  Erolcha (Orc:2)
  2 ogre magi
  5 hydras
  7 centaur warriors
  2 catoblepae
  12 two-headed ogres
  11 death yaks
  2 tengu warriors (D:14)
  2 boulder beetles
  A deep troll shaman (Lair:5)
  3 orc high priests (Orc:2)
  A demonic crawler (Spider:1)
  Urug (D:11)
  Nergalle (Orc:1)
  A deep elf knight (D:9)
  3 skeletal warriors (D:13)
  Lodul (D:11)
  A skyshark (Lair:2)
  An orb spider (Spider:1)
  A sun moth (Spider:1)
  An arcanist (D:13)
  2 bog bodies (IceCv)
  2 deep elf pyromancers
  7 orc knights
  6 wolf spiders
  7 cyclopes
  A lindwurm (Lair:5)
  4 manticores
  5 orc sorcerers (Orc:2)
  8 ugly things
  Maurice (Orc:1)
  8 elephants
  An ice statue (IceCv)
  A merfolk siren (Lair:2)
  9 black mambas
  7 kobold blastminers
  9 cane toads
  2 orange demons (D:14)
  3 rime drakes
  Maggie (D:10)
  A kobold demonologist (D:9)
  2 efreet (D:14)
  A freezing wraith (D:15)
  Jeremiah (D:6)
  A komodo dragon (shapeshifter) (D:15)
  2 tengu conjurers
  An ice devil (IceCv)
  2 anaconda simulacra (IceCv)
  12 komodo dragons
  6 trolls
  5 polar bears
  2 hornets
  6 tarantellas (Spider:1)
  Grinder (D:6)
  17 blink frogs
  14 jumping spiders (Spider:1)
  A jumping spider (shapeshifter) (D:14)
  5 slime creatures (D:14)
  6 culicivoras
  A vampire (D:12)
  2 centaur simulacra
  A yak (shapeshifter) (D:14)
  A water elemental (D:13)
  5 wyverns
  8 wraiths
  45 yaks
  Eustachio (D:6)
  3 basilisks
  13 wargs
  A fire elemental (Lair:5)
  A basilisk (shapeshifter) (D:15)
  A death yak simulacrum (IceCv)
  8 redbacks (Spider:1)
  3 harpy simulacra
  An acid dragon (D:11)
  18 water moccasins
  24 orc warriors
  2 ice beasts
  4 black bears
  A sky beast (D:7)
  14 ogres
  2 laughing skulls (D:13)
  11 wolves
  15 centaurs
  2 phantoms
  6 kobold brigands (D:9)
  Blork the orc (D:6)
  16 bullfrogs
  2 gnoll sergeants
  3 two-headed ogre simulacra (IceCv)
  3 cane toad simulacra (IceCv)
  5 scorpions
  3 wights (D:9)
  An elephant simulacrum (IceCv)
  13 howler monkeys
  2 electric eels
  4 bombardier beetles
  18 orc priests
  5 hounds
  3 jellies
  Ijyb (D:3)
  Jessica (D:3)
  6 gnoll boudas (D:9)
  A sleepcap (D:6)
  5 iguanas
  36 orc wizards
  Natasha (thrice) (D:3)
  6 hell rats (Lair:2)
  5 polar bear simulacra (IceCv)
  6 spriggan simulacra (IceCv)
  4 troll simulacra (IceCv)
  2 wolf simulacra (IceCv)
  8 gnolls
  6 adders
  5 naga simulacra (IceCv)
  16 river rats (Lair:2)
  A shadow imp (D:8)
  10 white imps
  12 ufetubi
  A dart slug (D:4)
  A ribbon worm (D:4)
  69 orcs
  10 ball pythons
  9 endoplasms
  2 giant cockroaches (D:1)
  8 goblins
  6 hobgoblins
  12 kobolds
  11 quokkas
  6 bats
  4 frilled lizards
  12 rats
793 creatures vanquished.

Vanquished Creatures (others)
  A demonic crawler (Spider:2)
  An orb spider (Spider:2)
  3 redbacks (Spider:2)
5 creatures vanquished.

Grand Total: 798 creatures vanquished

Notes
Turn   | Place    | Note
-------+----------+-------------------------------------------
     0 | D:1      | sokol815 the Octopode Gladiator began the quest for the
                  | Orb.
     0 | D:1      | Reached XP level 1. HP: 14/14 MP: 1/1
    97 | D:1      | Reached XP level 2. HP: 20/20 MP: 2/2
   298 | D:1      | Reached XP level 3. HP: 25/25 MP: 3/3
   798 | D:2      | Reached skill level 3 in Fighting
  1303 | D:2      | Identified the ring "Baaxuurph" {Str+7 Dex+6}
  1558 | D:2      | Reached XP level 4. HP: 31/31 MP: 4/4
  1895 | D:3      | Reached skill level 4 in Polearms
  2034 | D:3      | Noticed Natasha
  2045 | D:3      | Killed Natasha
  2046 | D:3      | Reached XP level 5. HP: 25/37 MP: 5/5
  2171 | D:3      | Reached skill level 4 in Fighting
  2218 | D:3      | Noticed Jessica
  2222 | D:3      | Noticed Natasha
  2226 | D:3      | Killed Natasha
  2263 | D:3      | Killed Jessica
  2319 | D:3      | Found a broken altar of Ashenzari.
  2325 | D:3      | Reached skill level 5 in Polearms
  2325 | D:3      | Reached XP level 6. HP: 37/44 MP: 6/6
  2410 | D:3      | Noticed Natasha
  2418 | D:3      | Killed Natasha
  2515 | D:3      | Found an ornate altar of the Wu Jian Council.
  2522 | D:3      | Noticed Ijyb
  2536 | D:3      | Killed Ijyb
  2537 | D:3      | Reached skill level 5 in Fighting
  2832 | D:4      | Found an iron altar of Okawaru.
  3054 | D:4      | Found a burning altar of Makhleb.
  3068 | D:4      | Found a sacrificial altar of Ru.
  3070 | D:4      | Found a white marble altar of Elyvilon.
  3076 | D:4      | Reached XP level 7. HP: 50/50 MP: 7/7
  3150 | D:5      | Entered Level 5 of the Dungeon
  3150 | D:5      | Noticed a wyvern
  3156 | D:4      | HP: 4/50 [acid (9)]
  3161 | D:4      | Killed a wyvern
  3162 | D:4      | Reached skill level 6 in Polearms
  3167 | D:4      | HP: 12/51 [acid (2)]
  3293 | D:5      | Reached skill level 6 in Fighting
  3310 | D:5      | Reached XP level 8. HP: 29/58 MP: 8/8
  3574 | D:5      | Reached skill level 7 in Polearms
  3895 | D:5      | Reached skill level 7 in Fighting
  3939 | D:5      | Reached skill level 4 in Dodging
  4376 | D:6      | Noticed Grinder
  4385 | D:6      | Killed Grinder
  4386 | D:6      | Reached skill level 8 in Polearms
  4386 | D:6      | Reached XP level 9. HP: 55/65 MP: 9/9
  4572 | D:6      | Reached skill level 8 in Fighting
  4601 | D:6      | Noticed Jeremiah
  4615 | D:6      | Killed Jeremiah
  4709 | D:6      | Found an opulent altar of Gozag.
  4717 | D:6      | Became a worshipper of Gozag Ym Sagoz the Greedy
  4751 | D:6      | Reached skill level 5 in Dodging
  4779 | D:6      | Noticed Blork the orc
  4786 | D:6      | Killed Blork the orc
  4898 | D:6      | Noticed Eustachio
  4904 | D:6      | Killed Eustachio
  5206 | D:6      | Found a hazy altar of Hepliaklqana.
  5329 | D:7      | Found a hide-covered altar of Uskayaw.
  5354 | D:7      | Reached skill level 9 in Polearms
  5567 | D:7      | Found a staircase to the Ecumenical Temple.
  5577 | Temple   | Entered the Ecumenical Temple
  5638 | D:7      | Reached skill level 9 in Fighting
  5855 | D:7      | Found Doatupec's General Store.
  5995 | D:8      | Noticed a hornet
  6003 | D:8      | Killed a hornet
  6004 | D:8      | Reached XP level 10. HP: 74/74 MP: 10/10
  6260 | D:8      | Reached skill level 6 in Dodging
  6996 | D:9      | Got the Excursus on Pneumatic Reagents
  7003 | D:9      | Learned a level 5 spell: Yara's Violent Unravelling
  7016 | D:9      | Reached skill level 10 in Polearms
  7133 | D:9      | Reached skill level 1 in Spellcasting
  7246 | D:9      | Found a glowing golden altar of the Shining One.
  7271 | D:9      | Reached skill level 10 in Fighting
  7448 | D:7      | Bought a manual of Polearms for 800 gold pieces
  7526 | D:9      | Found a staircase to the Lair.
  7943 | D:9      | Reached skill level 2 in Spellcasting
  7964 | D:9      | Reached skill level 11 in Polearms
  8230 | D:9      | Reached XP level 11. HP: 82/82 MP: 14/14
  8267 | D:9      | Noticed a cyclops
  8268 | D:9      | Noticed a cyclops
  8269 | D:9      | Noticed an orc knight
  8269 | D:9      | Noticed a two-headed ogre
  8350 | D:9      | Killed a cyclops
  8351 | D:9      | Reached skill level 7 in Dodging
  8400 | D:9      | Reached skill level 3 in Spellcasting
  8405 | D:9      | Reached skill level 11 in Fighting
  8405 | D:9      | Reached skill level 12 in Polearms
  8547 | D:9      | Killed an orc knight
  8767 | D:9      | Killed a two-headed ogre
  9015 | D:9      | Noticed a cyclops
  9025 | D:9      | Killed a cyclops
  9026 | D:9      | Reached skill level 13 in Polearms
  9251 | D:9      | Noticed a deep elf knight
  9259 | D:9      | Killed a deep elf knight
  9346 | D:10     | Entered Level 10 of the Dungeon
  9365 | D:10     | Found Woareab's General Store.
  9516 | D:10     | Reached skill level 1 in Shields
  9735 | D:10     | Noticed Maggie
  9743 | D:10     | Killed Maggie
  9744 | D:10     | Reached skill level 12 in Fighting
  9744 | D:10     | Reached skill level 2 in Shields
 10054 | D:10     | Reached skill level 8 in Dodging
 10123 | Lair:1   | Entered Level 1 of the Lair of Beasts
 10126 | Lair:1   | Reached XP level 12. HP: 91/91 MP: 16/16
 10195 | Lair:1   | Reached skill level 14 in Polearms
 10242 | Lair:1   | Reached skill level 3 in Shields
 10702 | Lair:1   | Reached skill level 4 in Shields
 11415 | Lair:2   | Found a transporter.
 11417 | Lair:2   | Found a transporter.
 11418 | Lair:2   | Noticed jfitz's ghost (journeyman DgFE)
 11620 | Lair:2   | Reached skill level 1 in Stealth
 11623 | Lair:2   | Reached skill level 13 in Fighting
 11632 | Lair:2   | Reached skill level 2 in Stealth
 11713 | Lair:2   | Reached skill level 3 in Stealth
 11760 | Lair:2   | Noticed an eight-headed hydra
 11774 | Lair:2   | Killed an eight-headed hydra
 11802 | Lair:2   | Reached skill level 9 in Dodging
 11802 | Lair:2   | Reached skill level 4 in Stealth
 12346 | Lair:2   | Noticed a skyshark
 12353 | Lair:2   | Killed a skyshark
 12427 | Lair:2   | Found a staircase to the Shoals.
 12772 | Lair:3   | Reached skill level 5 in Stealth
 12887 | Lair:3   | Reached skill level 15 in Polearms
 12916 | Lair:3   | Reached XP level 13. HP: 85/99 MP: 13/17
 12924 | Lair:3   | Reached skill level 6 in Stealth
 13173 | Lair:3   | Reached skill level 7 in Stealth
 13299 | D:9      | Bought a scroll of enchant weapon for 120 gold pieces
 13300 | D:9      | Bought a scroll of teleportation for 48 gold pieces
 13300 | D:9      | Bought a scroll of teleportation for 48 gold pieces
 13587 | Lair:3   | Reached skill level 14 in Fighting
 13767 | Lair:3   | Found a hole to the Spider Nest.
 14030 | Lair:4   | Reached skill level 16 in Polearms
 14030 | Lair:4   | Reached skill level 8 in Stealth
 14123 | Lair:4   | Reached skill level 1 in Hexes
 14123 | Lair:4   | Reached skill level 1 in Alchemy
 14783 | Lair:4   | Reached skill level 2 in Alchemy
 15091 | Lair:4   | Reached skill level 2 in Hexes
 15268 | Lair:5   | Entered Level 5 of the Lair of Beasts
 15353 | Lair:5   | Reached skill level 10 in Dodging
 15367 | Lair:5   | Found a frozen archway.
 15401 | Lair:5   | Reached skill level 4 in Spellcasting
 15416 | Lair:5   | Reached skill level 3 in Alchemy
 15433 | Lair:5   | Reached XP level 14. HP: 85/108 MP: 16/20
 15441 | Lair:5   | Reached skill level 3 in Hexes
 15499 | Lair:5   | Identified the +1 dagger of Changing Painful Death {flame,
                  | rC+}
 15555 | IceCv    | Entered an ice cave
 16319 | IceCv    | Reached skill level 15 in Fighting
 16319 | IceCv    | Reached skill level 4 in Alchemy
 17165 | Lair:5   | Found a staircase to the Slime Pits.
 17166 | Lair:5   | Found a viscous altar of Jiyva.
 17184 | Lair:5   | Reached skill level 5 in Spellcasting
 17215 | Lair:5   | Reached skill level 4 in Hexes
 17926 | Lair:5   | Reached skill level 5 in Alchemy
 18629 | D:11     | Found a staircase to the Orcish Mines.
 18631 | D:11     | Found Koso Uve's Weapon Shop.
 18738 | D:11     | Noticed Urug
 18762 | D:11     | Killed Urug
 18763 | D:11     | Reached skill level 11 in Dodging
 19004 | D:11     | Noticed Lodul
 19018 | D:11     | Killed Lodul
 19030 | D:11     | Reached skill level 5 in Hexes
 19464 | Orc:1    | Entered Level 1 of the Orcish Mines
 19801 | Orc:2    | Entered Level 2 of the Orcish Mines
 19803 | Orc:2    | Reached skill level 6 in Spellcasting
 19803 | Orc:2    | Reached XP level 15. HP: 117/117 MP: 22/24
 19829 | Orc:2    | Reached skill level 6 in Alchemy
 19834 | Orc:2    | Reached skill level 16 in Fighting
 19939 | Orc:1    | Noticed Josephine
 19943 | Orc:1    | Killed Josephine
 20062 | Orc:1    | Noticed Maurice
 20064 | Orc:1    | Noticed Nergalle
 20068 | Orc:1    | Killed Maurice
 20082 | Orc:1    | Killed Nergalle
 20399 | Orc:2    | Noticed Erolcha
 20412 | Orc:2    | Killed Erolcha
 20673 | Orc:2    | Found a staircase to the Elven Halls.
 20736 | Orc:2    | Found Memal's Distillery.
 20753 | Orc:2    | Reached skill level 6 in Hexes
 20957 | Orc:2    | Found Visch's Assorted Antiques.
 20957 | Orc:2    | Found Uckiuh's Magic Scroll Boutique.
 20958 | Orc:2    | Found Saeteklo's Assorted Antiques.
 21016 | Orc:2    | Bought a scroll of blinking for 105 gold pieces
 21016 | Orc:2    | Bought a scroll of enchant weapon for 105 gold pieces
 21201 | D:9      | Bought the ring "Vidi" {Fly rF++ rN+ Dex-2 SInv} for 508
                  | gold pieces
 21201 | D:9      | Bought the ring "Nashroim" {rC++ rCorr MP+9 AC+4} for 935
                  | gold pieces
 21201 | D:9      | Bought the ring of Ynubuog {rN+ Int+4 Dex+2} for 435 gold
                  | pieces
 21221 | D:9      | Bought an amulet of regeneration for 330 gold pieces
 21238 | D:9      | Learned a level 5 spell: Irradiate
 21433 | D:12     | Reached skill level 7 in Alchemy
 21508 | D:12     | Found Pizes's Antique Armour Emporium.
 21726 | D:12     | Found Jaathrusu's Antique Weapon Boutique.
 21748 | D:12     | Reached skill level 1 in Conjurations
 21814 | D:12     | Found Xietiema's Antique Armour Shop.
 23031 | D:14     | Reached skill level 2 in Conjurations
 23291 | D:14     | Reached skill level 5 in Shields
 23638 | D:14     | Found a gate to the Vaults.
 23713 | D:14     | Reached skill level 17 in Fighting
 23720 | D:14     | Reached skill level 12 in Dodging
 23720 | D:14     | Reached skill level 7 in Hexes
 23739 | D:14     | Reached XP level 16. HP: 126/126 MP: 25/25
 23898 | D:14     | Reached skill level 3 in Conjurations
 23932 | D:14     | Found Butto's Magic Scroll Shop.
 23938 | D:14     | Reached skill level 6 in Shields
 23965 | D:14     | Bought 2 scrolls of acquirement for 1664 gold pieces
 23965 | D:14     | Acquired the +3 Elemental Staff {ele, rElec rF+ rC+ AC+3}
 23965 | D:14     | Found the +3 Elemental Staff {ele, rElec rF+ rC+ AC+3}
 23966 | D:14     | Acquired a book of Armaments
 24162 | D:14     | Found Ytenopt's Magic Scroll Boutique.
 24259 | D:15     | Entered Level 15 of the Dungeon
 24273 | D:15     | Found a stormy altar of Qazlal.
 24504 | D:15     | Reached skill level 1 in Staves
 24510 | D:15     | Upgraded the game from 0.32-a0-17-gb74e046682 to
                  | 0.32-a0-20-ge526923d97
 24562 | D:15     | Reached skill level 8 in Alchemy
 24782 | D:15     | Found a staircase to the Depths.
 24834 | D:15     | Reached skill level 2 in Staves
 25244 | Spider:1 | Entered Level 1 of the Spider Nest
 25244 | Spider:1 | Identified the maw talisman "Uxuak" {rElec rC++}
 25244 | Spider:1 | Noticed Rupert
 25254 | Lair:3   | Killed Rupert
 25355 | Spider:1 | HP: 31/126 [poisoned by a redback]
 25358 | Spider:1 | HP: 15/126 [poisoned by a redback]
 25363 | Spider:1 | HP: 7/126 [poisoned by a redback]
 25368 | Lair:3   | HP: 8/126 [poisoned by a redback]
 25498 | Spider:1 | Found a transporter.
 25527 | Spider:1 | Noticed Zonian's ghost (journeyman FeSu)
 25536 | Spider:1 | Noticed Jorgrun
 25545 | Spider:1 | Killed Jorgrun
 25627 | Spider:1 | Reached skill level 3 in Staves
 25649 | Spider:1 | Reached skill level 7 in Shields
 25666 | Spider:1 | Acquired a +0 demon trident of electrocution
 25800 | Spider:1 | Reached skill level 4 in Conjurations
 26009 | Spider:1 | Noticed zenocrate's ghost (journeyman VSEn)
 26032 | Spider:1 | Found a transporter.
 26102 | Spider:2 | Noticed Nikola
 26172 | Spider:2 | Noticed Arachne
 26174 | Spider:2 | HP: 27/126 [Nikola/arc of chain lightning (53)]
 26299 | Spider:1 | HP: 25/126 [demonic crawler (16)]
 26303 | Spider:1 | HP: 12/126 [demonic crawler (10)]
 26474 | Spider:2 | Killed from afar by Nikola

Illustrated notes

Levels and vault maps discovered:
D:1:      dpeg_arrival_boxorama, layout_basic
D:2:      wad_crossroads, layout_basic
D:3:      layout_rooms, nicolae_wu_jian_wuxing_cycle, marbit_many_paths,
          uniq_jessica, uniq_natasha, uniq_ijyb
D:4:      layout_rooms, lemuel_crystal_altar, grunt_temple_overflow_open,
          nicolae_letterblocks [nicolae_letter_subblock,
          nicolae_letter_subblock, nicolae_letter_subblock,
          nicolae_letter_subblock, nicolae_letter_subblock,
          nicolae_letter_subblock, nicolae_letter_subblock,
          nicolae_letter_subblock, nicolae_letter_subblock,
          nicolae_letter_subblock, nicolae_letter_subblock,
          nicolae_letter_subblock, nicolae_letter_subblock,
          nicolae_letter_subblock, nicolae_letter_subblock,
          nicolae_letter_subblock, nicolae_letter_subblock,
          nicolae_letter_subblock, nicolae_letter_subblock,
          nicolae_letter_subblock, nicolae_letter_subblock,
          nicolae_letter_subblock, nicolae_letter_subblock,
          nicolae_letter_subblock, nicolae_letter_subblock]
D:5:      layout_basic, st_stairs_9
D:6:      layout_loops_ring, mainiacjoe_overflow_surrounded_room,
          worldfamousw_hep_ancestral_shrine, uniq_blork_the_orc, uniq_grinder,
          uniq_eustachio, uniq_jeremiah
D:7:      layout_cave_pools, nicolae_uskayaw_dance_hall,
          minmay_temple_entry_junction, serial_shops, shop
D:8:      layout_basic
D:9:      lemuel_castle_with_subvaults [lemuel_castle_interior_original],
          layout_irregular_city, lemuel_tele_altar,
          nicolae_concentric_dashed_squares_wild
D:10:     layout_irregular_city, serial_shops, nicolae_shop_tiny_waterfront,
          uniq_maggie
D:11:     layout_small_grid, orc_david_3, uniq_urug, uniq_lodul
D:12:     layout_roguey, serial_shops, nicolae_shop_real_fake_doors,
          nicolae_inconvenience_store, kennysheep_mini, serial_bayou_crossing
D:13:     layout_roguey, serial_ice, serial_ice_n, serial_ice_a, serial_ice_c,
          serial_ice_d, serial_ice_m, serial_ice_f
D:14:     layout_loops_ring, skrybe_vaults_entry_preservation,
          infiniplex_staircase_zigzag_2, serial_shops,
          nicolae_shop_rolling_square, minivault_25, hex_tiny,
          kennysheep_diamond, einodemon_barbed_minivault
D:15:     grunt_enter_depths_giant_problem, layout_irregular_city,
          nicolae_qazlal_scattered_showers
Temple:   nicolae_temple_slightly_damp_pantheon
Lair:1:   layout_loops_ring, lemuel_fruit_tree
Lair:2:   lemuel_ratsnest, layout_cave_pods, mainiacjoe_shoals_entry_four_pools,
          gammafunk_ghost_hive
Lair:3:   layout_big_grid, hellmonk_spider_entry_life_and_decay,
          chequers_serial_rivers_micro_d, beast_lair_carwin_11,
          grunt_megastairs_1
Lair:4:   layout_long_grid, infiniplex_staircase_pool, grunt_megastairs_4
Lair:5:   grunt_lair_end_beastmaster, layout_gridlike, slime_entry_1,
          portal_ice_cave_entry_pillars_2, pdpol_lair_neglected_garden
Spider:1: layout_spider_delve, nzn_ghost_randoct, uniq_rupert, uniq_jorgrun
Spider:2: layout_chambers, nicolae_spider_checkerboard, uniq_roxanne,
          uniq_louise, uniq_nikola, uniq_arachne
Orc:1:    layout_caves, uniq_maurice, uniq_nergalle, uniq_josephine
Orc:2:    st_orc_elflike, layout_caves, uniq_erolcha

Skill      XL: |  1  2  3  4  5  6  7  8  9 10 11 12 13 14 15 16 |
---------------+-------------------------------------------------+-----
Fighting       | 3 4 5 6 7 9 10 12 13 14 15 17 | 17.5
Polearms       | 4 5 6 8 9 11 13 15 16 | 16.0
Dodging        | 4 5 6 8 9 10 11 12 | 12.4
Spellcasting   | 2 3 4 6 |  6.0
Shields        | 2 4 5 7 |  7.0
Stealth        | 5 8 |  8.0
Hexes          | 2 5 7 |  7.7
Alchemy        | 3 5 7 8 |  8.4
Conjurations   | 2 4 |  4.1
Staves         | 3 |  3.6
Throwing       | |  2.0

Action                     |  1- 3 |  4- 6 |  7- 9 | 10-12 | 13-15 | 16-18 || total
---------------------------+-------+-------+-------+-------+-------+-------++-------
  Melee: Trident           |    90 |    95 |   228 |   625 |  1085 |   268 ||  2391
         Constrict         |    17 |    21 |    43 |    69 |    97 |    40 ||   287
         Tentacles         |     9 |    17 |    44 |   123 |   237 |    67 ||   497
         Punch             |     2 |     1 |     7 |     6 |    14 |     5 ||    35
         Dagger            |       |       |     1 |       |       |       ||     1
         Staff             |       |       |       |       |       |     9 ||     9
  Throw: Javelin           |     1 |     2 |       |       |       |       ||     3
         Throwing net      |       |     2 |       |       |       |       ||     2
         Dart              |       |       |     3 |       |     3 |     3 ||     9
   Cast: Yara's Violent Un |       |       |       |       |     4 |       ||     4
         Irradiate         |       |       |       |       |       |     3 ||     3
 Invoke: Call Merchant     |       |       |       |     1 |     3 |       ||     4
  Evoke: Wand              |       |       |     2 |       |     1 |     4 ||     7
    Use: Scroll            |     5 |     9 |     7 |     7 |    10 |     6 ||    44
         Potion            |       |       |     4 |       |     1 |     3 ||     8
   Stab: Sleeping          |    18 |     3 |     6 |    17 |    54 |    12 ||   110
         Distracted        |       |       |       |     9 |    13 |     1 ||    23
         Petrified         |       |       |       |       |     7 |       ||     7
         Petrifying        |       |       |       |       |     3 |       ||     3
 Armour: Skin              |    14 |    12 |    54 |    90 |   178 |    70 ||   418
  Dodge: Dodged            |    37 |    41 |   125 |   275 |   411 |   132 ||  1021
  Block: Buckler           |       |       |       |    32 |   128 |    58 ||   218

Table legend: (Time is in decaauts)
 A = Elapsed time spent in this place.
 B = Non-inter-level travel time spent in this place.
 C = Inter-level travel time spent in this place.
 D = Time resting spent in this place.
 E = Time spent auto-exploring this place.
 F = Levels seen in this place.
 G = Mean time per level.
                   A        B        C        D        E       F      G
               +--------+--------+--------+--------+--------+-----+--------+
         Total |  25785 |  23534 |   2251 |   2856 |  15999 |  26 |  991.7 |
       Dungeon |  15160 |  14120 |   1040 |   1489 |   9995 |  15 | 1010.7 |
        Temple |      1 |      1 |      0 |      0 |      0 |   1 |    1.0 |
          Lair |   6951 |   5885 |   1066 |    614 |   4048 |   5 | 1390.2 |
   Spider Nest |   1036 |    961 |     75 |    236 |    476 |   2 |  518.0 |
  Orcish Mines |   1447 |   1380 |     67 |    134 |    918 |   2 |  723.5 |
      Ice Cave |   1187 |   1187 |      0 |    382 |    562 |   1 | 1187.0 |
               +--------+--------+--------+--------+--------+-----+--------+

Top non-repeatable levels by time:
     D:9: 2312 daAuts
  Lair:2: 1708 daAuts
  Lair:1: 1465 daAuts
  Lair:5: 1353 daAuts
  Lair:4: 1342 daAuts
    D:11: 1224 daAuts
    D:14: 1215 daAuts
   IceCv: 1187 daAuts
     D:2: 1175 daAuts
     D:6: 1145 daAuts
     D:8: 1125 daAuts
  Lair:3: 1082 daAuts
    D:13: 953 daAuts
Spider:1: 951 daAuts
    D:10: 936 daAuts

Levels and vault maps discovered:
D:1:      dpeg_arrival_boxorama, layout_basic
D:2:      wad_crossroads, layout_basic
D:3:      layout_rooms, nicolae_wu_jian_wuxing_cycle, marbit_many_paths,
          uniq_jessica, uniq_natasha, uniq_ijyb
D:4:      layout_rooms, lemuel_crystal_altar, grunt_temple_overflow_open,
          nicolae_letterblocks [nicolae_letter_subblock,
          nicolae_letter_subblock, nicolae_letter_subblock,
          nicolae_letter_subblock, nicolae_letter_subblock,
          nicolae_letter_subblock, nicolae_letter_subblock,
          nicolae_letter_subblock, nicolae_letter_subblock,
          nicolae_letter_subblock, nicolae_letter_subblock,
          nicolae_letter_subblock, nicolae_letter_subblock,
          nicolae_letter_subblock, nicolae_letter_subblock,
          nicolae_letter_subblock, nicolae_letter_subblock,
          nicolae_letter_subblock, nicolae_letter_subblock,
          nicolae_letter_subblock, nicolae_letter_subblock,
          nicolae_letter_subblock, nicolae_letter_subblock,
          nicolae_letter_subblock, nicolae_letter_subblock]
D:5:      layout_basic, st_stairs_9
D:6:      layout_loops_ring, mainiacjoe_overflow_surrounded_room,
          worldfamousw_hep_ancestral_shrine, uniq_blork_the_orc, uniq_grinder,
          uniq_eustachio, uniq_jeremiah
D:7:      layout_cave_pools, nicolae_uskayaw_dance_hall,
          minmay_temple_entry_junction, serial_shops, shop
D:8:      layout_basic
D:9:      lemuel_castle_with_subvaults [lemuel_castle_interior_original],
          layout_irregular_city, lemuel_tele_altar,
          nicolae_concentric_dashed_squares_wild
D:10:     layout_irregular_city, serial_shops, nicolae_shop_tiny_waterfront,
          uniq_maggie
D:11:     layout_small_grid, orc_david_3, uniq_urug, uniq_lodul
D:12:     layout_roguey, serial_shops, nicolae_shop_real_fake_doors,
          nicolae_inconvenience_store, kennysheep_mini, serial_bayou_crossing
D:13:     layout_roguey, serial_ice, serial_ice_n, serial_ice_a, serial_ice_c,
          serial_ice_d, serial_ice_m, serial_ice_f
D:14:     layout_loops_ring, skrybe_vaults_entry_preservation,
          infiniplex_staircase_zigzag_2, serial_shops,
          nicolae_shop_rolling_square, minivault_25, hex_tiny,
          kennysheep_diamond, einodemon_barbed_minivault
D:15:     grunt_enter_depths_giant_problem, layout_irregular_city,
          nicolae_qazlal_scattered_showers
Temple:   nicolae_temple_slightly_damp_pantheon
Lair:1:   layout_loops_ring, lemuel_fruit_tree
Lair:2:   lemuel_ratsnest, layout_cave_pods, mainiacjoe_shoals_entry_four_pools,
          gammafunk_ghost_hive
Lair:3:   layout_big_grid, hellmonk_spider_entry_life_and_decay,
          chequers_serial_rivers_micro_d, beast_lair_carwin_11,
          grunt_megastairs_1
Lair:4:   layout_long_grid, infiniplex_staircase_pool, grunt_megastairs_4
Lair:5:   grunt_lair_end_beastmaster, layout_gridlike, slime_entry_1,
          portal_ice_cave_entry_pillars_2, pdpol_lair_neglected_garden
Spider:1: layout_spider_delve, nzn_ghost_randoct, uniq_rupert, uniq_jorgrun
Spider:2: layout_chambers, nicolae_spider_checkerboard, uniq_roxanne,
          uniq_louise, uniq_nikola, uniq_arachne
Orc:1:    layout_caves, uniq_maurice, uniq_nergalle, uniq_josephine
Orc:2:    st_orc_elflike, layout_caves, uniq_erolcha

Table legend: (Time is in decaauts)
 A = Elapsed time spent in this place.
 B = Non-inter-level travel time spent in this place.
 C = Inter-level travel time spent in this place.
 D = Time resting spent in this place.
 E = Time spent auto-exploring this place.
 F = Levels seen in this place.
 G = Mean time per level.
                   A        B        C        D        E       F      G
               +--------+--------+--------+--------+--------+-----+--------+
         Total |  25785 |  23534 |   2251 |   2856 |  15999 |  26 |  991.7 |
       Dungeon |  15160 |  14120 |   1040 |   1489 |   9995 |  15 | 1010.7 |
        Temple |      1 |      1 |      0 |      0 |      0 |   1 |    1.0 |
          Lair |   6951 |   5885 |   1066 |    614 |   4048 |   5 | 1390.2 |
   Spider Nest |   1036 |    961 |     75 |    236 |    476 |   2 |  518.0 |
  Orcish Mines |   1447 |   1380 |     67 |    134 |    918 |   2 |  723.5 |
      Ice Cave |   1187 |   1187 |      0 |    382 |    562 |   1 | 1187.0 |
               +--------+--------+--------+--------+--------+-----+--------+

Top non-repeatable levels by time:
     D:9: 2312 daAuts
  Lair:2: 1708 daAuts
  Lair:1: 1465 daAuts
  Lair:5: 1353 daAuts
  Lair:4: 1342 daAuts
    D:11: 1224 daAuts
    D:14: 1215 daAuts
   IceCv: 1187 daAuts
     D:2: 1175 daAuts
     D:6: 1145 daAuts
     D:8: 1125 daAuts
  Lair:3: 1082 daAuts
    D:13: 953 daAuts
Spider:1: 951 daAuts
    D:10: 936 daAuts

Table legend:
 A = Kills in this place as a percentage of kills in the entire game.
 B = Kills by you in this place as a percentage of kills by you in the entire game.
 C = Kills by friends in this place as a percentage of kills by friends in the entire game.
 D = Other kills in this place as a percentage of other kills in the entire game.
 E = Experience gained in this place as a percentage of experience gained in the entire game.
 F = Experience gained in this place divided by the number of levels of this place that you have seen.
                   A       B       C       D       E      F
               +-------+-------+-------+-------+-------+----------------------
         Total | 100.0 | 100.0 |   N/A | 100.0 | 100.0 | 6316.5
       Dungeon |  52.8 |  53.0 |   N/A |   0.0 |  41.2 | 4515.7
          Lair |  26.0 |  26.1 |   N/A |   0.0 |  34.0 | 11160.8
   Spider Nest |   5.4 |   5.2 |   N/A | 100.0 |   9.0 | 7400.5
  Orcish Mines |   9.3 |   9.3 |   N/A |   0.0 |  13.0 | 10700.0
      Ice Cave |   6.4 |   6.4 |   N/A |   0.0 |   2.7 | 4488.0
               +-------+-------+-------+-------+-------+----------------------
